 Dungeon Crawl Stone Soup version 0.26-a0-771-g060e6a62af (webtiles) character file.

Game seed: 1129581694088740079

11 Queen the Skirmisher (level 2, 17/19 HPs)
             Began as a Gargoyle Monk on Nov 8, 2020.
             Quit the game on level 1 of the Dungeon.
             The game lasted 00:01:14 (717 turns).

Queen the Skirmisher (Gargoyle Monk)                 Turns: 717, Time: 00:01:15

Health: 17/19      AC:  4    Str: 14    XL:     2   Next: 29%
Magic:  2/2        EV: 12    Int: 10    God:
Gold:   10         SH:  0    Dex: 12    Spells: 1/1 levels left

rFire    . . .     SeeInvis .   a - +0 mace
rCold    . . .     Faith    .   (no shield)
rNeg     + . .     Spirit   .   b - +0 robe
rPois    ∞         Reflect  .   (no helmet)
rElec    +         Harm     .   (no cloak)
rCorr    .         Rampage  .   (no gloves)
MR       .....                  (no boots)
Stlth    ++........             (no amulet)
HPRegen  0.06/turn              (no ring)
MPRegen  0.08/turn              (no ring)

@: no status effects
A: negative energy resistance 1, electricity resistance, unbreathing,
petrification resistance, rot immunity, AC +2
a: no special abilities


You were on level 1 of the Dungeon.
You visited 1 branch of the dungeon, and saw 1 of its levels.

You collected 10 gold pieces.

Inventory:

Hand Weapons
 a - a +0 mace (weapon)
Armour
 b - a +0 robe (worn)
Scrolls
 d - a scroll of teleportation {unknown}
Potions
 c - a potion of lignification {unknown}
 e - a potion of berserk rage {unknown}


   Skills:
 + Level 3.5 Fighting
 * Level 3.3 Maces & Flails
 + Level 0.8 Armour
 - Level 2.4 Dodging
 - Level 2.1 Stealth


You had one spell level left.
You didn't know any spells.
Your spell library was empty.

Dungeon Overview and Level Annotations

Branches:
Dungeon (1/15)

Altars:


Innate Abilities, Weirdness & Mutations

You are resistant to torment.
Your stone body is resilient. (AC +2)
You are immune to poison.
You resist negative energy. (rN+)
You are resistant to electric shocks. (rElec)
You can survive without breathing.
You are immune to petrification.
You are immune to rotting.


Message History

A goblin comes into view. It is wielding a -1 club.
The goblin shouts!
You see here 10 gold pieces.
You now have 10 gold pieces.
You closely miss the goblin. The goblin barely misses you.
You hit the goblin but do no damage. The goblin misses you.
You closely miss the goblin. The goblin barely misses you.
You closely miss the goblin.
The goblin hits you with a cursed -1 club.
You hit the goblin.
You kill the goblin!
You see here a cursed -1 club.
e - an amethyst potion
There is an open door here.
A frilled lizard comes into view.
A frilled lizard is nearby! 2 hobgoblins come into view.
The hobgoblin shouts!
You hear an angry hiss.
Unknown command.
Are you sure you want to abandon this character and quit the game? (Confirm with "yes".)

......#...).......#
......#...........#
......#^..........#
....(......[#'#####
#############.# #.#
#.##### #.##..+ .
#.##@##...l
#......# #####..#
..# .g.. #.### g#
.#


You could see 2 hobgoblins.

Vanquished Creatures
  A leopard gecko (D:1)
  A giant cockroach (D:1)
  A goblin (D:1)
  3 hobgoblins (D:1)
  4 frilled lizards (D:1)
10 creatures vanquished.

Notes
Turn   | Place    | Note
-------+----------+-------------------------------------------
     0 | D:1      | Queen the Gargoyle Monk began the quest for the Orb.
     0 | D:1      | Reached XP level 1. HP: 14/14 MP: 1/1
   365 | D:1      | Reached XP level 2. HP: 8/19 MP: 2/2
   717 | D:1      | Quit the game

Illustrated notes

Levels and vault maps discovered:
D:1:      dpeg_arrival_round_c, layout_basic, corexii_corridor_pit,
          hangedman_decor_push

Action                   || total
-------------------------++-------
Melee: Mace              ||    41
 Stab: Sleeping          ||     1
Armor: Robe              ||     9
Dodge: Dodged            ||    36

Table legend: (Time is in decaauts)
 A = Elapsed time spent in this place.
 B = Non-inter-level travel time spent in this place.
 C = Inter-level travel time spent in this place.
 D = Time resting spent in this place.
 E = Time spent auto-exploring this place.
 F = Levels seen in this place.
 G = Mean time per level.
                   A        B        C        D        E       F      G
               +--------+--------+--------+--------+--------+-----+--------+
         Total |    727 |    727 |      0 |    452 |    154 |   1 |  727.0 |
       Dungeon |    727 |    727 |      0 |    452 |    154 |   1 |  727.0 |
               +--------+--------+--------+--------+--------+-----+--------+

Top non-repeatable levels by time:
     D:1: 727 daAuts
